 Dungeon Crawl Stone Soup version 0.20-a0-640-g62ed22f (webtiles) character file.

21627 polly the Grappler (level 12, -2/86 HPs)
             Began as a Demonspawn Gladiator on Feb 13, 2017.
             Was the Champion of Okawaru.
             Slain by a very large slime creature (42 damage)
             ... on level 13 of the Dungeon.
             The game lasted 00:33:17 (12995 turns).

polly the Grappler (Demonspawn Gladiator)          Turns: 12995, Time: 00:33:18

Health: -2/86      AC: 31    Str: 18    XL:     12   Next: 55%
Magic:  12/12      EV: 11    Int: 11    God:    Okawaru [******]
Gold:   734        SH:  0    Dex: 19    Spells: 2/11 levels left

rFire    + . .     SeeInvis .     - Unarmed
rCold    . . .     Gourm    .   t - +0 chain mail
rNeg     . . .     Faith    .   (no shield)
rPois    .         Spirit   .   c - +0 helmet
rElec    .         Reflect  .   o - +0 cloak
rCorr    .         Harm     .   (no gloves)
MR       .....                  y - +0 pair of boots
Stlth    ..........             G - amulet of regeneration
Regen    0.7/turn               B - +4 ring of dexterity
MPRegen  0.2/turn               J - +5 ring of protection

@: sanguine armour, slowed, drained, very slow
A: claws 2, fire resistance 1, powered by death 2, sanguine armour 3
a: Heroism, Finesse, Renounce Religion


You were on level 13 of the Dungeon.
You worshipped Okawaru.
Okawaru was exalted by your worship.
You were not hungry.

You visited 2 branches of the dungeon, and saw 14 of its levels.

You collected 788 gold pieces.
You spent 54 gold pieces at shops.

Inventory:

Missiles
 Q - 5 javelins of penetration (quivered)
 R - 4 poisoned tomahawks
 V - 8 curare-tipped needles
Armour
 c - a +0 helmet (worn)
 o - a +0 cloak (worn)
 t - a +0 chain mail (worn)
 y - a +0 pair of boots (worn)
Jewellery
 B - a +4 ring of dexterity (right claw)
 G - an amulet of regeneration (around neck)
 I - a +5 ring of intelligence
 J - a +5 ring of protection (left claw)
Wands
 d - a wand of paralysis (9/24)
 z - a wand of digging (8/24)
 F - a wand of clouds (6/9)
 L - a wand of scattershot (4/9)
 M - a wand of disintegration (14/24)
 O - a wand of iceblast (8/15)
Scrolls
 g - 10 scrolls of remove curse
 k - a scroll of vulnerability {unknown}
 l - a scroll of amnesia {unknown}
 m - 3 scrolls of recharging {unknown}
 p - 2 scrolls of fear {unknown}
 q - 2 scrolls of enchant weapon {unknown}
 r - a scroll of fog {unknown}
 u - 3 scrolls of blinking {unknown}
 v - 6 scrolls of identify
 w - 3 scrolls of enchant armour {unknown}
 x - 2 scrolls of teleportation {unknown}
 A - 2 scrolls of magic mapping {unknown}
 E - a scroll of acquirement {unknown}
 S - a scroll of random uselessness {unknown}
Potions
 a - 3 potions of haste
 b - a potion of ambrosia {unknown}
 e - 3 potions of flight {unknown}
 i - 3 potions of agility
 j - 2 potions of lignification
 n - a potion of magic
 s - 6 potions of curing {unknown}
 C - 2 potions of degeneration {unknown}
 H - a potion of mutation {unknown}
 K - a potion of resistance
Books
 N - a book of Minor Magic

   Spells                             Type                      Level
   a - Magic Dart                     Conjuration                  1
   b - Blink                          Translocation                2
   c - Call Imp                       Summoning                    2
   d - Slow                           Hexes                        2
   e - Conjure Flame                  Conjuration/Fire             3
   f - Mephitic Cloud                 Conjuration/Poison/Air       3
 T - a book of Frost

   Spells                             Type                      Level
   a - Freeze                         Ice                          1
   b - Throw Frost                    Conjuration/Ice              2
   c - Ozocubu's Armour               Charms/Ice                   3
   d - Throw Icicle                   Conjuration/Ice              4
   e - Summon Ice Beast               Ice/Summoning                4
 U - a book of the Sky

   Spells                             Type                      Level
   a - Summon Lightning Spire         Summoning/Air                4
   b - Silence                        Hexes/Air                    5
   c - Deflect Missiles               Charms/Air                   6
   d - Conjure Ball Lightning         Conjuration/Air              6
   e - Tornado                        Air                          9
Comestibles
 f - 9 bread rations
 h - 10 royal jellies
 D - 3 meat rations
 P - a chunk of flesh


   Skills:
 + Level 5.2(4.8) Fighting
   Level 4.4(4.1) Long Blades
 + Level 1.8(1.5) Throwing
 + Level 7.9(7.5) Armour
 + Level 5.9(5.5) Dodging
 + Level 3.0(2.7) Stealth
 * Level 14.9(14.5) Unarmed Combat


You had 2 spell levels left.
You knew the following spells:

 Your Spells              Type           Power        Failure   Level  Hunger
a - Ozocubu's Armour      Chrm/Ice       #.......     100%        3    ####...
b - Deflect Missiles      Chrm/Air       #.........   100%        6    #######


Dungeon Overview and Level Annotations

Branches:
Dungeon (13/15)            Temple (1/1) D:7            Lair (0/6) D:11
    Orc (0/2) D:12
 Vaults: D:13-14

Altars:
Ashenzari
Cheibriados
Dithmenos
Elyvilon
Fedhas
Gozag
Hepliaklqana
Kikubaaqudgha
Makhleb
Nemelex Xobeh
Okawaru
Qazlal
Ru
Sif Muna
Trog
Uskayaw
Vehumet
Xom
Yredelemnul
Zin
The Shining One

Shops:
D:4 ((**   D:6 (   D:11 ![}[


Innate Abilities, Weirdness & Mutations

You have very sharp fingernails.
Your flesh is heat resistant. (rF+)
You regenerate health from kills.
When seriously injured, your bleeding wounds create very thick armour. (AC +12)


Message History

The wraith hits you but does no damage. x2
The slime creature hits you but does no damage.
The wraith barely misses you.
You found a teleport trap!
The slime creature hits you but does no damage.
Two slime creatures merge to form a very large slime creature.
The wraith hits you but does no damage.
The slime creature hits you but does no damage.
There is an open door here.
You scratch the slime creature.
The slime creature is lightly wounded.
The wraith hits you but does no damage.
The slime creature hits you but does no damage.
You claw the slime creature!
The slime creature is moderately wounded.
The wraith misses you. The slime creature hits you!
You claw the slime creature!
The slime creature is heavily wounded.
The very large slime creature hits you!!!
You die...

############
#...........
##########.WWW.......
#..........JWJJ......
#.........###@#..<..
......?...#...# ...
........W#...# .
.........#..^#
#####....#...#
#....#...# #....#...#
#....#...# #....#


You could see a very large slime creature, 2 slime creatures and 4 wraiths.

Vanquished Creatures
  Josephine (D:13)
  A hydra (D:12)
  2 centaur warriors (D:13)
  3 two-headed ogres (D:10)
  3 death yaks
  An unseen horror (D:11)
  2 cyclopes
  2 deep elf magi (D:12)
  An ugly thing (D:11)
  2 gargoyles
  A komodo dragon (D:8)
  2 trolls
  3 hippogriffs (D:10)
  10 yaks
  A wyvern (D:10)
  A human (D:10)
  3 hogs (D:10)
  2 vampires
  Grum (D:11)
  A steam dragon (D:11)
  A wraith (D:11)
  3 hungry ghosts
  4 vampire mosquitoes (D:12)
  2 soldier ants
  2 water moccasins
  8 orc warriors
  5 ice beasts
  3 black bears
  3 sky beasts
  9 ogres
  3 phantoms
  3 wolves (D:11)
  The ghost of BrokenWindows the Insei, an amateur DsMo (D:4)
  6 centaurs
  10 bullfrogs
  6 scorpions
  5 wights
  4 howler monkeys
  6 crimson imps
  5 hounds
  11 orc priests
  2 jellies (D:6)
  14 orc wizards
  Jessica (D:3)
  4 iguanas
  2 hell rats (D:11)
  7 worker ants
  A killer bee zombie (D:8)
  A hound zombie (D:9)
  A hound skeleton (D:11)
  11 adders
  A river rat (D:11)
  3 shadow imps
  6 oozes
  4 worms
  A dart slug (D:1)
  3 leopard geckos
  70 orcs
  7 bats
  5 giant cockroaches
  4 goblins
  10 hobgoblins
  15 jackals
  4 quokkas
  4 ball pythons
  6 frilled lizards
  5 kobolds
  A leopard gecko zombie (D:7)
  12 rats
348 creatures vanquished.

Vanquished Creatures (others)
  An iguana (D:12)
1 creature vanquished.

Grand Total: 349 creatures vanquished

Notes
Turn   | Place    | Note
-------+----------+-------------------------------------------
     0 | D:1      | polly the Demonspawn Gladiator began the quest for the Orb.
     0 | D:1      | Reached XP level 1. HP: 16/16 MP: 1/1
   116 | D:1      | Gained mutation: You have sharp fingernails. [demonic ancestry]
   116 | D:1      | Reached XP level 2. HP: 13/22 MP: 2/2
   470 | D:2      | Gained mutation: When seriously injured, your bleeding wounds create armour. (AC +12) [demonic ancestry]
   470 | D:2      | Reached XP level 3. HP: 27/27 MP: 3/3
  1148 | D:2      | Gained mutation: You have very sharp fingernails. [demonic ancestry]
  1148 | D:2      | Reached XP level 4. HP: 22/33 MP: 4/4
  1219 | D:2      | Reached skill level 1 in Armour
  1800 | D:3      | Noticed Jessica
  1812 | D:3      | Killed Jessica
  1838 | D:3      | Reached XP level 5. HP: 31/39 MP: 5/5
  2258 | D:4      | Reached skill level 1 in Stealth
  3254 | D:4      | Found Disaorunoe's Weapon Emporium.
  3278 | D:4      | Found Sopn's General Store.
  3396 | D:4      | Reached skill level 1 in Unarmed Combat
  3396 | D:4      | Gained mutation: You regenerate a little health from kills. [demonic ancestry]
  3396 | D:4      | Reached XP level 6. HP: 45/46 MP: 6/6
  3536 | D:4      | Found Diwny's General Store.
  3844 | D:4      | Noticed BrokenWindows's ghost (amateur DsMo)
  4215 | D:4      | Found Debaufemp's Antique Weapon Shop.
  4277 | D:4      | Reached skill level 2 in Unarmed Combat
  4505 | D:4      | Noticed a sky beast
  4530 | D:4      | Killed a sky beast
  4530 | D:4      | Reached XP level 7. HP: 22/51 MP: 7/7
  4532 | D:4      | Reached skill level 3 in Unarmed Combat
  4727 | D:4      | Killed BrokenWindows's ghost
  4761 | D:5      | Entered Level 5 of the Dungeon
  5585 | D:5      | Reached skill level 4 in Unarmed Combat
  5705 | D:5      | Gained mutation: When seriously injured, your bleeding wounds create thick armour. (AC +12) [demonic ancestry]
  5705 | D:5      | Reached XP level 8. HP: 57/57 MP: 8/8
  5727 | D:5      | Reached skill level 5 in Unarmed Combat
  6068 | D:5      | Reached skill level 6 in Unarmed Combat
  6636 | D:6      | Found Qarumnec's Weapon Shoppe.
  6729 | D:6      | Reached skill level 7 in Unarmed Combat
  6797 | D:6      | Reached XP level 9. HP: 37/63 MP: 9/9
  7067 | D:6      | Reached skill level 5 in Dodging
  7144 | D:6      | Reached skill level 8 in Unarmed Combat
  7454 | D:7      | Reached skill level 9 in Unarmed Combat
  7554 | D:7      | Found a staircase to the Ecumenical Temple.
  7575 | Temple   | Entered the Ecumenical Temple
  7750 | Temple   | Became a worshipper of Warmaster Okawaru
  8022 | D:7      | Got a thick robe
  8033 | D:7      | Identified the cursed +1 robe of Rihomah {-Tele MR+++ Dex+5 Stlth-} (You found it on level 7 of the Dungeon)
  8514 | D:7      | Reached skill level 10 in Unarmed Combat
  8742 | D:8      | Gained mutation: When seriously injured, your bleeding wounds create very thick armour. (AC +12) [demonic ancestry]
  8742 | D:8      | Reached XP level 10. HP: 48/70 MP: 10/10
  8961 | D:8      | Reached * piety under Okawaru
  9499 | D:9      | Reached skill level 5 in Armour
  9674 | D:9      | Reached ** piety under Okawaru
  9885 | D:9      | Reached skill level 11 in Unarmed Combat
 10134 | D:10     | Entered Level 10 of the Dungeon
 10321 | D:10     | Noticed a two-headed ogre
 10418 | D:10     | Killed a two-headed ogre
 10418 | D:10     | Reached *** piety under Okawaru
 10446 | D:10     | Received a gift from Okawaru
 10458 | D:10     | Noticed a gargoyle
 10469 | D:10     | Killed a gargoyle
 10469 | D:10     | Reached skill level 12 in Unarmed Combat
 10490 | D:10     | Noticed a two-headed ogre
 10560 | D:11     | Noticed a death yak
 10617 | D:11     | Gained mutation: You regenerate health from kills. [demonic ancestry]
 10617 | D:11     | Reached XP level 11. HP: 64/76 MP: 11/11
 10659 | D:11     | Noticed a brown ugly thing
 10669 | D:11     | Killed a brown ugly thing
 10685 | D:11     | Found a staircase to the Lair.
 10688 | D:11     | Noticed a death yak
 10689 | D:11     | Noticed a death yak
 10709 | D:10     | Killed a two-headed ogre
 10709 | D:10     | Reached **** piety under Okawaru
 11151 | D:10     | Noticed a two-headed ogre
 11161 | D:10     | Killed a two-headed ogre
 11208 | D:10     | Reached ***** piety under Okawaru
 11211 | D:10     | Reached skill level 13 in Unarmed Combat
 11386 | D:11     | Noticed Grum
 11397 | D:11     | Killed an unseen horror
 11432 | D:12     | Killed a death yak
 11517 | D:12     | Killed a death yak
 11517 | D:12     | Received a gift from Okawaru
 11591 | D:11     | Killed Grum
 11644 | D:11     | Killed a death yak
 11644 | D:11     | Received a gift from Okawaru
 11759 | D:11     | Found Joum's Gadget Shop.
 11763 | D:11     | Found Guana's Armour Shop.
 11769 | D:11     | Bought a +0 cloak for 54 gold pieces
 11833 | D:11     | Found Pipoin's Armour Boutique.
 11861 | D:11     | Learned a level 3 spell: Ozocubu's Armour
 11868 | D:11     | Learned a level 6 spell: Deflect Missiles
 11889 | D:11     | Found Nen Jem's Distillery.
 12089 | D:12     | Gained mutation: Your flesh is heat resistant. (rF+) [demonic ancestry]
 12089 | D:12     | Reached XP level 12. HP: 51/84 MP: 12/12
 12114 | D:12     | Reached skill level 14 in Unarmed Combat
 12272 | D:12     | Received a gift from Okawaru
 12418 | D:12     | Found a hazy altar of Hepliaklqana.
 12616 | D:12     | Found a staircase to the Orcish Mines.
 12737 | D:12     | Noticed a four-headed hydra
 12749 | D:12     | Killed a four-headed hydra
 12749 | D:12     | Reached ****** piety under Okawaru
 12916 | D:13     | Noticed a centaur warrior
 12923 | D:13     | Killed a centaur warrior
 12929 | D:13     | Noticed a centaur warrior
 12936 | D:13     | Reached skill level 5 in Fighting
 12946 | D:13     | Killed a centaur warrior
 12967 | D:13     | Noticed Josephine
 12983 | D:13     | Killed Josephine
 12995 | D:13     | Slain by a very large slime creature

Vault maps used:
D:1:      matt_arrival_los_fun
D:3:      first_bread, uniq_jessica
D:4:      serial_shops, shop, nicolae_shop_overgrown_old_shop,
          kennysheep_mini_moat, shop_statue
D:6:      kennysheep_six_static_rooms, serial_shops, shop
D:7:      minmay_temple_entry_overgrown
D:9:      kennysheep_small_square
D:10:     grunt_livestock
D:11:     dpeg_lair_monsters, serial_shops, shop, nicolae_shop_crystal, shop,
          shop, uniq_grum
D:12:     orc_0_dummy, basic_altar
D:13:     lab_entry_generic, serial_shops, bzr_entry_lakeside,
          minmay_guarded_unrand_variability, uniq_josephine
Temple:   minmay_crystal_snake_temple

Skill      XL: |  1  2  3  4  5  6  7  8  9 10 11 12 |
---------------+-------------------------------------+-----
Long Blades    | 3 4 |  4.4
Dodging        | 3 4 5 |  5.9
Armour         | 1 2 3 4 5 7 |  7.9
Stealth        | 1 2 3 |  3.0
Unarmed Combat | 1 2 4 7 10 12 13 14 | 14.9
Fighting       | 3 4 5 |  5.2
Throwing       | |  1.8

Action                   |  1- 3 |  4- 6 |  7- 9 | 10-12 || total
-------------------------+-------+-------+-------+-------++-------
Melee: Long sword        |    90 |   111 |       |       ||   201
       Unarmed           |       |   211 |   411 |   672 ||  1294
       Punch             |       |     1 |    26 |    40 ||    67
Throw: Throwing net      |       |     3 |       |       ||     3
       Javelin           |       |       |       |     3 ||     3
Evoke: Wand              |       |       |     3 |       ||     3
  Use: Potion            |       |     1 |     1 |     3 ||     5
       Scroll            |       |       |     6 |       ||     6
 Stab: Held in net/web   |       |     3 |       |       ||     3
       Sleeping          |       |     2 |     2 |       ||     4
       Invisible         |       |       |       |     2 ||     2
  Eat: Chunk             |       |    10 |    17 |    17 ||    44
Armor: Leather armour    |    37 |   106 |    42 |       ||   185
       Chain mail        |       |       |   101 |   422 ||   523
Dodge: Dodged            |    83 |   194 |   229 |   304 ||   810
       Rpst.: Long sword |    21 |    24 |       |       ||    45
